Unix NetHack Version 5.0.0-0 post-release - last build May  4 2026 22:22:43 (774f63e81ad911689b3a0859ea89b322d5daca8d,branch:main).

Game began 2026-05-07 04:10:22, ended 2026-05-07 04:22:29.

Doran, lawful male human Samurai

                                              -------
                                              |..|..|
                                             --.....|
                                             |.....--
                                            --.).---
                                            |.)..|
                                            |.--.|
                                         ----.||.|
                                         |....||.|
                                         |.----|.|
                                         |.|   |)| -
                                         |.|   |.|.|
                                        --.|  --.|G|
                                        |..|  |..@.|
                                        |.--  |..---
                                      ---.|   |...|
                                    -....<|   |..--
                                    ----..--- |..|
                                       |....| ----
                                       ---.--
                                         ---
Doran the Ronin        St:15 Dx:16 Co:18 In:10 Wi:8 Ch:8  Lawful S:659
Dlvl:4  $:57 HP:0(40) Pw:14(14) AC:6  Xp:4 T:1008  Burdened

Latest messages:
 You feel much better.
 You miss the gnome lord.
 The gnome lord swings his bow.
 The gnome lord hits!
 You hear crashing rock.
 You hit the gnome lord!
 The gnome lord swings his bow.
 The gnome lord hits!
 What do you want to wield? [- abcdo or ?*] a
 You are already wielding that!
 You hit the gnome lord!
 The gnome lord swings his bow.
 The gnome lord hits!
 You miss the gnome lord.
 You kill the gnome lord!
 Welcome to experience level 4.
 You have a little trouble lifting x - 2 yellowish brown gems.
 You have a little trouble lifting y - 14 arrows.
 z - a cream pie.
 There is a partly eaten gnome corpse here; eat it? [ynq] (n) y
 You resume your meal.
 You finish eating the gnome corpse.
 There is a gnome lord corpse here; eat it? [ynq] (n) y
 This gnome lord corpse is fatty.
 You finish eating the gnome lord corpse.
 You see here a bow.
 The gnome lord hits!
 You hit the gnome lord!
 The gnome lord hits!
 You hit the gnome lord!
 The gnome lord misses!
 You kill the gnome lord!
 You have a little trouble lifting A - a yellow gem.
 There is nothing here to pick up.
 The gnome wields an aklys!
 The gnome secures the tether on the aklys.
 The gnome swings his aklys.
 The gnome hits!
 You hit the gnome.
 You miss the gnome.
 The gnome swings his aklys.
 The gnome hits!
 You kill the gnome!
 There is a gnome corpse here; eat it? [ynq] (n) y
 This gnome corpse tastes okay.
 You finish eating the gnome corpse.
 The gnome hits!
 You die...
 Do you want your possessions identified? [ynq] (y) y
 Do you want to see your attributes? [ynq] (y) q

Inventory:
 Coins    ('$')
  $ - 57 gold pieces
 Weapons  (')')
  y - 14 blessed +1 arrows
  d - 41 +0 ya (in quiver)
  c - a +0 yumi
  o - 12 +0 darts
  a - a +0 katana (weapon in right hand)
  b - a +0 wakizashi (alternate weapon; not wielded)
 Armor    ('[')
  v - a cursed -1 elven mithril-coat (being worn)
  e - an uncursed rustproof +0 splint mail
 Comestibles  ('%')
  j - an uncursed orc chop
  z - an uncursed cream pie
  q - an uncursed gunyoki
  f - 2 uncursed lichen corpses
 Scrolls  ('?')
  n - a blessed scroll of remove curse
  u - an uncursed scroll of teleportation
 Potions  ('!')
  w - a cursed potion of full healing
  m - an uncursed potion of invisibility
  t - an uncursed potion of see invisible
  p - an uncursed potion of sleeping
 Tools    ('(')
  l - an uncursed oil lamp (lit)
 Gems/Stones  ('*')
  A - an uncursed chrysoberyl stone
  g - a cursed chrysoberyl stone
  s - an uncursed opal
  x - 2 uncursed topaz stones

Doran the Samurai's attributes:

Background:
 You were a Ronin, a level 4 male human Samurai.
 You were lawful, on a mission for Amaterasu Omikami
 who was opposed by Raijin (neutral) and Susanowo (chaotic).
 You were right-handed.
 You were in the Gnomish Mines, on level 4.
 You entered the dungeon 1008 turns ago.
 It was nighttime.
 You had 108 experience points, 52 more were needed to attain level 5.
 Your score was 659 before end-of-game adjustments.

Basics:
 You had 0 out of 40 hit points.
 You had all 14 energy points (spell power).
 Your armor class was 6.
 Your wallet contained 57 zorkmids.
 Autopickup was on for '$"?/=+!*' plus thrown, with exceptions.

Final Characteristics:
 Your strength was 15 (limit:18/100).
 Your dexterity was 16 (limit:18).
 Your constitution was 18 (limit:18).
 Your intelligence was 10 (limit:18).
 Your wisdom was 8 (limit:18).
 Your charisma was 8 (limit:18).

Final Status:
 You weren't hungry.
 You were burdened; movement was slightly slowed.
 You were wielding a long sword.
 You had basic skill with long sword.

Final Attributes:
 You were devoutly aligned.
 You were guarded.
 You were fast.
 You are dead.

Miscellaneous:
 You didn't encounter any bones levels.
 Total elapsed playing time was 12 minutes and 6 seconds.

Major events:
 Turn
    1: Doran the lawful male human Samurai entered the dungeon
  704: entered the Gnomish Mines
  832: attained the rank of Ronin (level 3)
 1008: killed by a gnome

You didn't know any spells.

Skills:
 Fighting Skills
   martial arts      [Basic]
   two weapon combat [Unskilled]
   riding            [Unskilled]
 Weapon Skills
   dagger            [Unskilled]
   knife             [Unskilled]
   short sword       [Basic]
   broadsword        [Unskilled]
   long sword        [Basic]
   two-handed sword  [Unskilled]
   saber             [Unskilled]
   flail             [Unskilled]
   quarterstaff      [Unskilled]
   polearms          [Unskilled]
   spear             [Unskilled]
   lance             [Unskilled]
   bow               [Basic]
   shuriken          [Unskilled]
 Spellcasting Skills
   attack spells     [Unskilled]
   divination spells [Unskilled]
   clerical spells   [Unskilled]

Voluntary challenges:
 Character rerolling was not enabled.
 You never genocided any monsters.
 You never polymorphed an object.
 You never changed form.
 You used no wishes.
Achievements:
 You entered the Gnomish Mines.
 You attained the rank of Ronin.

 The Dungeons of Doom: levels 1 to 4
    Level 1:
       A fountain.
    Level 2:
    Level 3:
       A fountain.
       Stairs down to The Gnomish Mines.
    Level 4:
 The Gnomish Mines:
    Level 4: <- You were here.
       Final resting place for
          you, killed by a gnome.


Vanquished creatures:
  2 gnome leaders
 an acid blob
  a hobbit
  5 gnomes
  a gecko
  a jackal
  a fox
  a kobold
  4 sewer rats
  3 grid bugs
  2 lichens
  5 newts
27 creatures vanquished.

No species were genocided or became extinct.

Game over:
                       ----------
                      /          \
                     /    REST    \
                    /      IN      \
                   /     PEACE      \
                  /                  \
                  |      Doran       |
                  |      57 Au       |
                  |   killed by a    |
                  |      gnome       |
                  |                  |
                  |                  |
                  |       2026       |
                 *|     *  *  *      | *
        _________)/\\_//(\/(/\)/\//\/|_)_______

Sayonara Doran the Samurai...

You died in The Gnomish Mines on dungeon level 4 with 654 points,
and 57 pieces of gold, after 1008 moves.
You were level 4 with a maximum of 40 hit points when you died.

